 Dungeon Crawl Stone Soup version 0.27.1-3-gb3d3a73c9e (webtiles) character file.

Game seed: 16491451113333729557

827 horus123 the Conjurer (level 7, -1/36 HPs)
             Began as a Deep Elf Conjurer on Oct 30, 2021.
             Was an Elder of Ru.
             Slain by a sky beast (3 damage)
             ... on level 5 of the Dungeon.
             The game lasted 00:15:27 (5378 turns).

horus123 the Conjurer (Deep Elf Conjurer)           Turns: 5378, Time: 00:15:28

Health: -1/36      AC:  5    Str:  4    XL:     7   Next: 64%
Magic:  16/17      EV: 13    Int: 25    God:    Ru [****..]
Gold:   166        SH:  0    Dex: 20    Spells: 2/16 levels left

rFire    . . .     SeeInvis .   k - +2 falchion (vorpal)
rCold    . . .     Faith    .   (shield unavailable)
rNeg     . . .     Spirit   .   a - +1 robe
rPois    .         Reflect  .   o - +0 helmet
rElec    .         Harm     .   (no cloak)
rCorr    .         Rampage  .   r - +0 pair of gloves "Zucaomite" {Dex+7}
Will     .....                  (no boots)
Stlth    ++........             (no amulet)
HPRegen  0.12/turn              (ring unavailable)
MPRegen  0.15/turn              (no ring)

@: no status effects
A: missing a hand, hated by all
a: Renounce Religion, Draw Out Power, Power Leap


You were on level 5 of the Dungeon.
You worshipped Ru.
Ru was greatly pleased with you.
You visited 1 branch of the dungeon, and saw 5 of its levels.

You collected 166 gold pieces.

Inventory:

Hand Weapons
 e - a +1 antimagic demon blade
 k - a +2 vorpal falchion (weapon)
Missiles
 v - 2 throwing nets
Armour
 a - a +1 robe (worn)
 o - a +0 helmet (worn)
 r - the +0 pair of gloves "Zucaomite" (worn) {Dex+7}
   (You acquired it on level 4 of the Dungeon)

   Dex:       It affects your dexterity (+7).
 w - a +0 pair of gloves
Magical Staves
 h - a staff of air
Jewellery
 t - an amulet of regeneration
Wands
 l - a wand of polymorph (15)
 p - a wand of digging (3)
Scrolls
 c - a scroll of amnesia
 q - 2 scrolls of teleportation
 s - a scroll of identify
Potions
 b - a potion of attraction {unknown}
 d - 3 potions of invisibility
 f - a potion of berserk rage {unknown}
 g - 2 potions of curing {unknown}
 i - a potion of might {unknown}
 j - 4 potions of haste {unknown}
 m - a potion of lignification {unknown}
 n - a potion of heal wounds
 u - a potion of flight {unknown}


   Skills:
 - Level 3.2 Long Blades
 - Level 2.4 Dodging
 - Level 2.4 Stealth
 - Level 5.4 Spellcasting
 + Level 6.8 Conjurations
 - Level 6.2 Hexes


You had 2 spell levels left.
You knew the following spells:

 Your Spells              Type           Power      Damage    Failure   Level
a - Magic Dart            Conj           100%       1d8       1%          1
b - Searing Ray           Conj           82%        3d6       1%          2
c - Dazzling Flash        Conj/Hex       78%        N/A       1%          3
d - Fulminant Prism       Conj/Hex       19%        3d11      5%          4
e - Tukima's Dance        Hex            38%        N/A       1%          3
f - Corona                Hex            42%        N/A       1%          1

Your spell library contained the following spells:

 Spells                   Type           Power      Damage    Failure   Level
 Ensorcelled Hibernation  Hex/Ice        44%        N/A       3%          2
 Iskenderun's Mystic Bla  Conj/Tloc      23%        2d6       19%         4


Dungeon Overview and Level Annotations

Branches:
Dungeon (5/15)             Temple (0/1) D:4

Altars:
Elyvilon
Hepliaklqana
Nemelex Xobeh
Ru
Sif Muna
Vehumet


Innate Abilities, Weirdness & Mutations

You are missing a hand.
You are hated by all.


Message History

Confirm with . or Enter, or press ? or * to list all spells.
You don't know that spell.
Casting: Magic Dart (safe; 1% risk of failure)
Confirm with . or Enter, or press ? or * to list all spells.
You can't see any susceptible monsters within range! (Use Z to cast anyway.)
Casting: Magic Dart (safe; 1% risk of failure)
Confirm with . or Enter, or press ? or * to list all spells.
You can't see any susceptible monsters within range! (Use Z to cast anyway.) Unknown command.
Casting: Magic Dart (safe; 1% risk of failure)
Confirm with . or Enter, or press ? or * to list all spells.
You can't see any susceptible monsters within range! (Use Z to cast anyway.)
You hit something. Something hits you but does no damage.
You closely miss something.
You redirect something's attack!
Something barely misses you.
You closely miss something.
A sky beast appears from thin air!
Reactivating autopickup.
The sky beast barely misses you.
You riposte.
You hit the sky beast.
The sky beast is heavily wounded.
You miss the sky beast.
The sky beast is heavily wounded.
The sky beast flickers out of sight!
Deactivating autopickup; reactivate with Ctrl-A.
Something hits you but does no damage.
You closely miss something. Something barely misses you.
You closely miss something. Something hits you. Something shocks you.
You focus your inner power and blind something in retribution!
You closely miss something. Something hits you but does no damage.
You hit something. Something hits you. Something shocks you.
You hit something. Something hits you. Something shocks you.
* * * LOW HITPOINT WARNING * * *
You barely miss something. Something hits you.
* * * LOW HITPOINT WARNING * * *
Something shocks you.
* * * LOW HITPOINT WARNING * * *
You miss something.
A sky beast appears from thin air!
Reactivating autopickup.
The sky beast hits you.
You die...

#.# #.# #.# ### ##.##
#.. ... #.# #.# #.#
#.# #.# #Y# #.#
#####@####.###########
#.................##<#
#.###............##...
######.########.8.
#>###...##...
#.##>.8..##.#
#.###....##†#
#...#####[...
###........8.


You could see a sky beast.

Vanquished Creatures
  Edmund (D:4)
  A water moccasin (D:5)
  An ogre (D:4)
  A jelly (D:4)
  2 hounds
  An orc priest (D:4)
  3 iguanas
  Ijyb (D:3)
  Natasha (thrice) (D:3)
  Robin (D:3)
  A hound skeleton (D:4)
  4 gnolls (D:4)
  2 adders
  3 worms
  5 dart slugs
  13 orcs
  8 bats
  6 endoplasms
  6 giant cockroaches
  12 goblins
  8 hobgoblins
  4 jackals (D:1)
  3 quokkas
  12 ball pythons
  2 frilled lizards (D:1)
  7 kobolds
  10 rats
121 creatures vanquished.

Notes
Turn   | Place    | Note
-------+----------+-------------------------------------------
     0 | D:1      | horus123 the Deep Elf Conjurer began the quest for the Orb.
     0 | D:1      | Reached XP level 1. HP: 10/10 MP: 6/6
    74 | D:1      | You fall into a shaft and drop 1 floor!
   197 | D:1      | Reached XP level 2. HP: 15/15 MP: 4/8
   200 | D:1      | Learned a level 2 spell: Searing Ray
   245 | D:1      | Reached skill level 5 in Conjurations
   313 | D:1      | Found a faded altar of an unknown god.
   321 | D:1      | Became a worshipper of Ru the Awakened
   325 | D:1      | Gained mutation: You are missing a hand. [Ru sacrifice]
   325 | D:1      | Reached * piety under Ru
   325 | D:1      | Reached ** piety under Ru
   753 | D:1      | Reached XP level 3. HP: 19/19 MP: 7/9
  1698 | D:2      | Learned a level 3 spell: Dazzling Flash
  2124 | D:3      | Reached XP level 4. HP: 24/24 MP: 9/11
  2149 | D:3      | Found a hazy altar of Hepliaklqana.
  2488 | D:3      | Noticed Natasha
  2490 | D:3      | Killed Natasha
  2745 | D:3      | Noticed Natasha
  2752 | D:3      | Killed Natasha
  2753 | D:3      | Reached skill level 5 in Spellcasting
  2757 | D:3      | Noticed Natasha
  2761 | D:3      | Killed Natasha
  2762 | D:3      | Reached XP level 5. HP: 28/28 MP: 6/14
  2775 | D:3      | Learned a level 4 spell: Fulminant Prism
  2909 | D:3      | Noticed Ijyb
  2923 | D:3      | Killed Ijyb
  2924 | D:3      | Reached skill level 1 in Hexes
  3018 | D:3      | Found a radiant altar of Vehumet.
  3018 | D:3      | Found a sparkling altar of Nemelex Xobeh.
  3022 | D:3      | Found a shimmering blue altar of Sif Muna.
  3022 | D:3      | Found a white marble altar of Elyvilon.
  3063 | D:3      | Noticed Robin
  3069 | D:3      | Killed Robin
  3319 | D:3      | Identified a scroll of acquirement
  3319 | D:3      | Acquired a book of Maledictions
  3325 | D:3      | Learned a level 3 spell: Tukima's Dance
  3327 | D:3      | Learned a level 1 spell: Corona
  3399 | D:4      | Reached skill level 1 in Long Blades
  3516 | D:4      | Reached XP level 6. HP: 32/32 MP: 11/16
  4092 | D:4      | Identified the +0 robe of a bazaar {rPois Will+ rCorr
                  | Str-3}
  4463 | D:4      | Noticed Edmund
  4475 | D:4      | Killed Edmund
  4476 | D:4      | Reached XP level 7. HP: 13/36 MP: 3/17
  4666 | D:4      | Gained mutation: You are hated by all. [Ru sacrifice]
  4666 | D:4      | Reached *** piety under Ru
  4666 | D:4      | Reached **** piety under Ru
  4726 | D:4      | Found a staircase to the Ecumenical Temple.
  4845 | D:4      | Reached skill level 5 in Hexes
  4930 | D:4      | Acquired the +0 pair of gloves "Zucaomite" {Dex+7}
  5199 | D:5      | Entered Level 5 of the Dungeon
  5378 | D:5      | Slain by a sky beast

Illustrated notes

Levels and vault maps discovered:
D:1:      erik_arrival_cave_to_civilisation [erik_arrival_cave_to_hall],
          layout_rooms, shapermc_ecumenical_altar_mp_highgroup
D:2:      layout_rooms
D:3:      minmay_inner_zag, layout_basic, grunt_temple_overflow_open,
          mainiacjoe_overflow_six_doors_small, uniq_natasha, uniq_robin,
          uniq_ijyb
D:4:      layout_basic, minmay_temple_entry_from_below_a, minmay_mini_jars,
          uniq_edmund
D:5:      layout_loops_ring, grunt_decor_resistance, grunt_ministairs_4,
          minivault_26, uniq_eustachio, uniq_grinder, uniq_duvessa,
          uniq_crazy_yiuf_cottage, uniq_prince_ribbit1

Skill      XL: |  1  2  3  4  5  6  7 |
---------------+----------------------+-----
Conjurations   | 5 6 |  6.8
Spellcasting   | 5 |  5.4
Hexes          | 2 4 6 |  6.2
Long Blades    | 2 3 |  3.2
Dodging        | |  2.4
Stealth        | |  2.4

Action                   |  1- 3 |  4- 6 |  7- 9 || total
-------------------------+-------+-------+-------++-------
Melee: Falchion          |       |     4 |    11 ||    15
       Demon blade       |       |    36 |       ||    36
 Cast: Magic Dart        |    87 |    60 |     7 ||   154
       Searing Ray       |     3 |    18 |     6 ||    27
       Corona            |       |     5 |       ||     5
Invok: Sacrifice a Hand  |     1 |       |       ||     1
       Power Leap        |       |       |     1 ||     1
       Sacrifice Love    |       |       |     1 ||     1
  Use: Scroll            |     5 |     4 |     1 ||    10
 Stab: Invisible         |       |     1 |       ||     1
Armor: Robe              |     1 |    14 |     5 ||    20
       Skin              |       |     1 |       ||     1
Dodge: Dodged            |     2 |    61 |    11 ||    74
       Rpst.: Falchion   |       |     3 |     4 ||     7
       Demon blade       |       |    12 |       ||    12
